 Dungeon Crawl Stone Soup version 0.24-a0-201-gf205589 (webtiles) character file.

Game seed: 5009084344880807585

27076 emperorscorpion the Slicer (level 13, -6/70 HPs)
             Began as a Vine Stalker Fighter on Mar 21, 2019.
             Was the Champion of Okawaru.
             Mangled by a tengu reaver
             ... wielding a +4 war axe of chopping
              (10 damage)
             ... on level 15 of the Dungeon.
             The game lasted 00:28:57 (13655 turns).

emperorscorpion the Slicer (Vine Stalker Fighter)  Turns: 13655, Time: 00:28:58

Health: -6/70      AC: 28    Str: 22    XL:     13   Next: 30%
Magic:  0/15       EV:  6    Int:  8    God:    Okawaru [******]
Gold:   890        SH: 13    Dex: 16    Spells: 12/12 levels left

rFire    . . .     SeeInvis .   a - +7 quick blade
rCold    + . .     Gourm    .   c - +0 shield
rNeg     . . .     Faith    +   g - +1 crystal plate armour
rPois    .         Spirit   +   e - +1 helmet
rElec    .         Reflect  .   (no cloak)
rCorr    .         Harm     .   (no gloves)
MR       +....                  P - +2 pair of boots {run}
Stlth    ..........             y - amulet of faith
HPRegen  1.01/turn              l - +3 ring of protection
MPRegen  0.14/turn              X - ring of protection from cold

@: quick
A: fangs 3, regeneration 2, magic shield, antimagic bite, no potion heal 3, rot
immunity
a: Heroism, Finesse, Renounce Religion


You were on level 15 of the Dungeon.
You worshipped Okawaru.
Okawaru was exalted by your worship.
You were not hungry.

You visited 2 branches of the dungeon, and saw 16 of its levels.
You also visited: Ossuary and Ice Cave.

You collected 890 gold pieces.

Inventory:

Hand Weapons
 a - a +7 quick blade (weapon)
 b - a +2 scimitar of flaming
 h - a +2 dagger of distortion
 p - a +4 rapier of flaming
Missiles
 i - 39 poisoned needles
 m - 5 needles of sleeping
 q - 3 throwing nets (quivered)
 t - 5 curare-tipped needles
 v - 6 needles of frenzy
 K - 7 tomahawks
 Q - 3 poisoned javelins
Armour
 c - a +0 shield (worn)
 e - a +1 helmet (worn)
 g - a +1 crystal plate armour (worn)
 N - a +4 scale mail of fire resistance
 O - a +1 ring mail of poison resistance
 P - a +2 pair of boots of running (worn)
Jewellery
 l - a +3 ring of protection (left hand)
 n - an uncursed ring of see invisible
 y - an amulet of faith (around neck)
 F - an uncursed ring of magical power
 U - an uncursed ring of fire
 X - a ring of protection from cold (right hand)
Wands
 u - a wand of iceblast (5)
 C - a wand of polymorph (9)
 M - a wand of acid (7)
 W - a wand of flame (11)
Scrolls
 k - 9 scrolls of remove curse
 o - a scroll of blinking
 r - 3 scrolls of amnesia
 w - 3 scrolls of fog
 D - 5 scrolls of teleportation
 G - 6 scrolls of identify
 H - 2 scrolls of fear
 S - a scroll of immolation
 Y - 2 scrolls of vulnerability
Potions
 d - 6 potions of might
 j - 5 potions of curing
 s - a potion of haste
 x - a potion of cancellation
 z - 4 potions of flight
 A - 2 potions of agility
 B - 3 potions of brilliance
 E - 2 potions of resistance
 I - 2 potions of berserk rage
 L - 2 potions of magic
 R - 2 potions of ambrosia
 Z - a potion of invisibility
Miscellaneous
 J - a lightning rod (4/4)
Comestibles
 f - 22 rations
 T - 6 chunks of flesh


   Skills:
 + Level 9.0 Fighting
 - Level 11.0 Short Blades
 + Level 7.9 Armour
 + Level 5.7 Dodging
 + Level 3.5 Stealth
 * Level 10.8 Shields
 + Level 2.1 Invocations
 + Level 0.3 Evocations


You had 12 spell levels left.
You didn't know any spells.
Your spell library contained the following spells:

 Spells                   Type           Power        Failure   Level  Hunger
 Animate Skeleton         Necr           N/A          100%        1    ##.....
 Apportation              Tloc           #.....       100%        1    ##.....
 Confusing Touch          Hex            #.....       100%        1    ##.....
 Magic Dart               Conj           #...         100%        1    ##.....
 Shock                    Conj/Air       #...         100%        1    ##.....
 Summon Small Mammal      Summ           #...         100%        1    ##.....
 Blink                    Tloc           N/A          100%        2    ###....
 Call Imp                 Summ           #.......     100%        2    ###....
 Poisonous Vapours        Pois/Air       #.....       100%        2    ###....
 Slow                     Hex            #.......     100%        2    ###....
 Swiftness                Chrm/Air       #.......     100%        2    ###....
 Conjure Flame            Conj/Fire      #.......     100%        3    ####...
 Mephitic Cloud           Conj/Pois/Air  #.......     100%        3    ####...
 Static Discharge         Conj/Air       #.......     100%        3    ####...
 Airstrike                Air            #.........   100%        4    #####..
 Lightning Bolt           Conj/Air       #.........   100%        5    ######.
 Freezing Cloud           Conj/Ice/Air   #.........   100%        6    #######
 Ring of Flames           Chrm/Fire      #.........   100%        7    #######


Dungeon Overview and Level Annotations

Branches:
Dungeon (14/15)            Temple (1/1) D:4            Lair (0/6) D:9
    Orc (0/2) D:12
 Vaults: D:13-14

Altars:
Ashenzari
Cheibriados
Dithmenos
Elyvilon
Fedhas
Gozag
Hepliaklqana
Kikubaaqudgha
Makhleb
Nemelex Xobeh
Okawaru
Qazlal
Ru
Sif Muna
Trog
Uskayaw
Vehumet
Wu Jian
Xom
Yredelemnul
Zin
The Shining One

Shops:
D:9 (


Innate Abilities, Weirdness & Mutations

You have razor-sharp teeth.
You heal very quickly.
When hurt, damage is shared between your health and your magic reserves.
Your bite disrupts and absorbs the magic of your enemies.
Potions cannot restore your health.
You are immune to rotting.


Message History

The bolt of fire hits you!!
You are too injured to fight recklessly!
You are too injured to fight recklessly!
You hit the tengu reaver.
The tengu reaver is severely wounded.
You miss the tengu reaver. Your bite misses the tengu reaver.
The tengu reaver is severely wounded.
The tengu reaver falters for a moment.
You hit the tengu reaver.
The tengu reaver is almost dead.
The ogre mage casts a spell at you. The crystal spear hits you!!
* * * LOW HITPOINT WARNING * * *
You hit the tengu reaver.
The tengu reaver is almost dead.
You hit the tengu reaver but do no damage.
The tengu reaver blocks your attack.
The tengu reaver is almost dead.
The tengu reaver hits you with a +4 war axe of chopping!
You die...

.## ...# O..##
#.#..# ....#
.c..#
####.#.########
#.#Q#O###.....#
#..*@###)..#..#
#(.#..#รท#.###.#
#......#...#..#
#....#.+#.....#
#).....##.#.#.#
##(.....##+#+##
########


You could see a tengu reaver, an ogre mage and a battlesphere.

Vanquished Creatures
  A frost giant (D:15)
  6 centaur warriors
  A two-headed ogre (D:11)
  The ghost of Sassenached the Quickloader, a novice DsWn of Nemelex Xobeh (D:7)
  4 ugly things
  A cyclops (D:13)
  3 manticores (D:15)
  2 ice statues (IceCv)
  2 centaur zombies
  A gargoyle (D:10)
  2 centaur skeletons
  An efreet (D:13)
  3 kobold demonologists (D:14)
  A tengu conjurer (D:13)
  5 trolls
  A hornet (D:13)
  2 hippogriffs
  A wraith (D:12)
  A wyvern (D:9)
  Eustachio (D:6)
  Sigmund (D:6)
  12 yaks
  A hungry ghost (D:7)
  Edmund (D:5)
  2 vampire mosquitoes (D:13)
  A harpy simulacrum (D:15)
  2 acid dragons
  2 water moccasins
  A soldier ant (D:8)
  14 ice beasts
  7 orc warriors
  4 sky beasts
  3 black bears
  6 ogres
  2 necrophages (D:11)
  A wolf (D:9)
  2 phantoms
  8 centaurs
  10 big kobolds
  12 bullfrogs
  2 elf zombies (D:7)
  4 gnoll sergeants (D:12)
  3 scorpions
  A water moccasin skeleton (D:4)
  9 killer bees
  4 wights
  5 howler monkeys
  2 bullfrog zombies
  10 crimson imps
  12 hounds
  3 jellies
  A quasit (D:4)
  16 orc wizards
  6 bullfrog skeletons
  6 orc priests
  A human skeleton (D:7)
  4 iguanas
  11 worker ants
  A killer bee zombie (D:5)
  2 hound zombies
  2 hound skeletons
  13 mummies (Ossuary)
  A worker ant zombie (D:10)
  7 gnolls
  A howler monkey skeleton (D:4)
  9 adders
  2 shadow imps
  An ooze (D:2)
  An adder zombie (D:10)
  An adder skeleton (D:5)
  A worm (D:2)
  2 dart slugs
  4 leopard geckos
  40 orcs
  6 giant cockroaches
  8 goblins
  3 hobgoblins
  9 jackals (D:1)
  5 quokkas
  2 ball pythons
  6 bats
  4 frilled lizards
  3 gnoll skeletons (Ossuary)
  2 goblin skeletons (Ossuary)
  A jackal zombie (D:6)
  18 kobolds
  2 kobold skeletons (Ossuary)
  3 leopard gecko skeletons
  An orc skeleton (Ossuary)
  3 orc zombies (D:7)
  A quokka skeleton (D:9)
  3 rats
  11 rat skeletons (Ossuary)
411 creatures vanquished.

Vanquished Creatures (others)
  An orc (D:9)
1 creature vanquished.

Grand Total: 412 creatures vanquished

Notes
Turn   | Place    | Note
-------+----------+-------------------------------------------
     0 | D:1      | emperorscorpion the Vine Stalker Fighter began the quest
                  | for the Orb.
     0 | D:1      | Reached XP level 1. HP: 11/11 MP: 2/2
   220 | D:1      | Reached XP level 2. HP: 15/16 MP: 3/3
   512 | D:1      | Reached skill level 2 in Short Blades
   624 | D:1      | Reached XP level 3. HP: 19/19 MP: 4/4
  1348 | D:2      | Gained mutation: Your natural rate of healing is unusually
                  | fast. [Vine Stalker growth]
  1348 | D:2      | Reached XP level 4. HP: 22/24 MP: 5/5
  1422 | D:2      | Noticed a +0 hand axe
  1422 | D:2      | Noticed a +0 hand axe
  1423 | D:2      | Found a hide-covered altar of Uskayaw.
  1984 | D:3      | Found a stormy altar of Qazlal.
  2301 | D:3      | Reached XP level 5. HP: 28/28 MP: 6/6
  2446 | D:4      | Reached skill level 3 in Short Blades
  2857 | D:4      | Found a staircase to the Ecumenical Temple.
  2874 | Temple   | Entered the Ecumenical Temple
  3115 | D:4      | Reached XP level 6. HP: 30/32 MP: 7/7
  3180 | D:4      | Reached skill level 4 in Short Blades
  3180 | D:4      | Reached skill level 1 in Dodging
  3691 | D:5      | Entered Level 5 of the Dungeon
  3701 | D:5      | Noticed Edmund
  3739 | D:5      | Killed Edmund
  3739 | D:5      | Reached XP level 7. HP: 22/36 MP: 6/8
  3807 | D:5      | Reached skill level 1 in Stealth
  3996 | D:5      | Found an iron altar of Okawaru.
  4009 | D:5      | Became a worshipper of Warmaster Okawaru
  4024 | D:5      | Found a shattered altar of Ashenzari.
  4028 | D:5      | Reached skill level 5 in Short Blades
  4135 | D:5      | Gained mutation: You have razor-sharp teeth. [Vine Stalker
                  | growth]
  4135 | D:5      | Reached XP level 8. HP: 42/42 MP: 9/9
  4263 | D:5      | Found a bloodstained altar of Trog.
  4458 | D:6      | Noticed Eustachio
  4483 | D:6      | Killed Eustachio
  4483 | D:6      | Reached * piety under Okawaru
  4651 | D:6      | Found a large runed translucent door.
  4651 | D:6      | Found a large runed translucent door.
  4663 | D:6      | Noticed Sassenached's ghost (novice DsWn)
  4797 | D:6      | Reached skill level 6 in Short Blades
  4890 | D:6      | Reached skill level 5 in Shields
  4977 | D:6      | Noticed Sigmund
  4984 | D:6      | Killed Sigmund
  4984 | D:6      | Reached ** piety under Okawaru
  4984 | D:6      | Reached XP level 9. HP: 46/46 MP: 10/10
  5386 | D:7      | Found a stormy altar of Qazlal.
  5422 | D:7      | Killed Sassenached's ghost
  5422 | D:7      | Reached skill level 5 in Fighting
  5422 | D:7      | Reached skill level 7 in Short Blades
  5452 | D:7      | Found a blossoming altar of Fedhas.
  5479 | D:7      | Reached skill level 1 in Invocations
  5557 | D:7      | Found a sand-covered staircase.
  5571 | Ossuary  | Entered an ossuary
  5614 | Ossuary  | Reached skill level 5 in Armour
  5985 | D:7      | Reached *** piety under Okawaru
  6254 | D:7      | Reached skill level 8 in Short Blades
  6257 | D:7      | Reached XP level 10. HP: 50/51 MP: 11/11
  6872 | D:8      | Found a shattered altar of Ashenzari.
  6928 | D:8      | Found a white marble altar of Elyvilon.
  6960 | D:8      | Found a white marble altar of Elyvilon.
  7074 | D:8      | Found a glowing golden altar of the Shining One.
  7208 | D:8      | Reached **** piety under Okawaru
  7337 | D:8      | Reached skill level 9 in Short Blades
  7466 | D:8      | Got a warped ring mail
  7613 | D:8      | Found a blossoming altar of Fedhas.
  8071 | D:8      | Found an opulent altar of Gozag.
  8071 | D:8      | Found a shadowy altar of Dithmenos.
  8073 | D:8      | Found a radiant altar of Vehumet.
  8073 | D:8      | Found a shimmering altar of Xom.
  8073 | D:8      | Found a stormy altar of Qazlal.
  8161 | D:8      | Identified the cursed +0 ring mail of Makhleb's
                  | Condemnation {rElec rC- MR+++ Dex-2} (You found it on level
                  | 8 of the Dungeon)
  8247 | D:9      | Found Fydymp's Weapon Emporium.
  8347 | D:9      | Reached ***** piety under Okawaru
  8496 | D:9      | Found a staircase to the Lair.
  8631 | D:9      | Received a gift from Okawaru
  8631 | D:9      | Reached XP level 11. HP: 56/58 MP: 12/12
  9213 | D:10     | Entered Level 10 of the Dungeon
  9513 | D:10     | Received a gift from Okawaru
  9556 | D:10     | Identified a +0 pair of boots of running (Okawaru gifted it
                  | to you on level 10 of the Dungeon)
 10363 | D:11     | Reached skill level 10 in Short Blades
 10434 | D:11     | Noticed a two-headed ogre
 10446 | D:11     | Killed a two-headed ogre
 10558 | D:11     | Found a basalt altar of Yredelemnul.
 10559 | D:11     | Identified the +9 spear "Heru" {pain, MR+}
 11061 | D:12     | Noticed a purple ugly thing
 11082 | D:12     | Killed a purple ugly thing
 11190 | D:12     | Received a gift from Okawaru
 11266 | D:12     | Noticed a centaur warrior
 11280 | D:12     | Killed a centaur warrior
 11280 | D:12     | Gained mutation: You heal very quickly. [Vine Stalker
                  | growth]
 11280 | D:12     | Reached XP level 12. HP: 53/63 MP: 13/13
 11336 | D:12     | Noticed a centaur warrior
 11348 | D:12     | Killed a centaur warrior
 11366 | D:12     | Reached ****** piety under Okawaru
 11538 | D:12     | Found a sparkling altar of Nemelex Xobeh.
 11610 | D:12     | Found a staircase to the Orcish Mines.
 11655 | D:12     | Reached skill level 11 in Short Blades
 11691 | D:12     | Reached skill level 5 in Dodging
 12123 | D:13     | Received a gift from Okawaru
 12273 | D:13     | Found a frozen archway.
 12288 | IceCv    | Entered an ice cave
 12339 | IceCv    | Found a transporter.
 12404 | IceCv    | Found a transporter.
 12813 | D:13     | Noticed a centaur warrior
 12824 | D:13     | Killed a centaur warrior
 13283 | D:14     | Noticed a centaur warrior
 13299 | D:14     | Killed a centaur warrior
 13299 | D:14     | Received a gift from Okawaru
 13331 | D:14     | Noticed a centaur warrior
 13347 | D:14     | Killed a centaur warrior
 13347 | D:14     | Reached XP level 13. HP: 64/69 MP: 15/15
 13387 | D:14     | Reached skill level 10 in Shields
 13404 | D:14     | You fall through a shaft!
 13404 | D:15     | Entered Level 15 of the Dungeon
 13455 | D:15     | Noticed a rakshasa
 13489 | D:15     | Noticed a frost giant
 13526 | D:15     | Killed a frost giant
 13622 | D:15     | Noticed a tengu reaver
 13653 | D:15     | HP: 3/70 [ogre mage/crystal spear (26)]
 13655 | D:15     | Mangled by a tengu reaver

Levels and vault maps discovered:
D:1:      psy_arrival_radial02, layout_loops_corners
D:2:      layout_loops_ring, dancing_weapons_uskayaw, first_ration
D:3:      layout_rooms, old_standard_altar
D:4:      layout_layer_cave, minmay_temple_entry_offerings, st_stairs_13
D:5:      layout_cave_pools, lightli_temple_of_fire, okawaru_gym_becter,
          ashenzari_altar_1, uniq_edmund
D:6:      layout_basic, ebering_ghost_disaster_area, uniq_sigmund,
          uniq_eustachio
D:7:      layout_basic, kennysheep_mini_moat, basic_altar,
          nicolae_ossuary_entry_catacombs
D:8:      minmay_blocky_corners, layout_layer_cave, doesnt_xom_only_xom,
          chequers_temple_overflow_statue_of_worship, basic_altar,
          fedhas_altar_2
D:9:      layout_grid_maze, erik_lair_island, serial_shops,
          nicolae_shop_window_shopping
D:10:     layout_basic
D:11:     layout_long_grid, serial_undead, serial_undead_e, serial_undead_f,
          serial_undead_e, serial_undead_c, blue_anna_alchemist
          [blue_anna_fruit_fields, blue_anna_fruit_fields],
          yredelemnul_altar_generic
D:12:     layout_long_grid, kennysheep_orc_monster_closet_entryway,
          nemelex_xobeh_ov_fountains_minmay
D:13:     layout_basic, portal_ice_cave_entry_pillars_1,
          serial_co_window_serial, co_window_paths_b, co_window_paths_a,
          co_window_paths_b, co_window_corner_a, co_window_paths_a,
          co_window_of_opportunity_a, co_window_cross_1, co_window_broadway_c,
          co_window_broadway_b, co_window_unsneaky_path_e,
          co_window_unsneaky_path_b, co_window_paths_d, glass_columns_b,
          glass_columns_a, glass_columns_b, glass_columns_b
D:14:     layout_long_grid, david_vaults_1, serial_shops,
          nicolae_shop_overgrown_old_shop, shop, kennysheep_mini,
          minmay_misc_feat_room
D:15:     hangedman_slaughterboxes
Temple:   eino_temple_water
Ossuary:  ossuary_due_small_catacomb
IceCv:    ice_cave_statue_garden_transporter

Skill      XL: |  1  2  3  4  5  6  7  8  9 10 11 12 13 |
---------------+----------------------------------------+-----
Shields        | 3 4 5 6 8 9 10 | 10.8
Short Blades   | 2 3 4 5 6 8 9 10 11 | 11.0
Fighting       | 3 4 5 6 7 8 9 |  9.0
Armour         | 3 4 5 6 7 |  7.9
Dodging        | 1 3 4 5 |  5.7
Stealth        | 1 2 3 |  3.5
Invocations    | 1 2 |  2.1
Evocations     | |  0.3

Action                   |  1- 3 |  4- 6 |  7- 9 | 10-12 | 13-15 || total
-------------------------+-------+-------+-------+-------+-------++-------
Melee: Rapier            |    99 |   191 |   458 |   658 |       ||  1406
       Bite              |    31 |    52 |   173 |   386 |    60 ||   702
       Quick blade       |       |       |       |   263 |   141 ||   404
Invok: Heroism           |       |       |     3 |     3 |     1 ||     7
       Finesse           |       |       |       |     1 |       ||     1
Evoke: Wand              |       |       |       |     5 |       ||     5
       Lightning rod     |       |       |       |     1 |       ||     1
  Use: Scroll            |       |    13 |    12 |    12 |     1 ||    38
  Eat: Chunk             |     1 |     7 |     8 |    19 |     1 ||    36
       Ration            |       |       |     1 |     1 |       ||     2
Armor: Scale mail        |    46 |    79 |   130 |   211 |       ||   466
       Crystal plate arm |       |       |       |     4 |    35 ||    39
Dodge: Dodged            |    29 |    47 |   124 |   172 |    14 ||   386
Block: Shield            |    51 |    91 |   178 |   354 |    29 ||   703

Table legend:
 A = Non-vault XP
 B = Vault XP
 C = Vault XP percentage of total XP
 D = Non-vault monster count
 E = Vault monster count
 F = Vault count percentage of total count
                 A         B        C        D         E       F
            +---------+---------+-------+---------+---------+-------
      Total |   25409 |   13272 |  34.3 |     314 |      97 |  23.6
            +---------+---------+-------+---------+---------+-------
        D:1 |      55 |       0 |   0.0 |      30 |       0 |   0.0
        D:2 |      84 |       0 |   0.0 |      19 |       0 |   0.0
        D:3 |      27 |       0 |   0.0 |       8 |       0 |   0.0
        D:4 |     343 |       0 |   0.0 |      19 |       0 |   0.0
        D:5 |     666 |     178 |  21.1 |      24 |       1 |   4.0
        D:6 |     668 |     419 |  38.5 |      18 |       2 |  10.0
        D:7 |    1237 |    1003 |  44.8 |      19 |       7 |  26.9
        D:8 |    1966 |     477 |  19.5 |      28 |       5 |  15.2
        D:9 |    1820 |     667 |  26.8 |      25 |       8 |  24.2
       D:10 |    1992 |       0 |   0.0 |      17 |       0 |   0.0
       D:11 |    3691 |     271 |   6.8 |      37 |       3 |   7.5
       D:12 |    4319 |    1792 |  29.3 |      29 |      20 |  40.8
       D:13 |    5464 |       0 |   0.0 |      34 |       0 |   0.0
       D:14 |    3077 |       0 |   0.0 |       7 |       0 |   0.0
       D:15 |       0 |    5513 | 100.0 |       0 |       9 | 100.0
    Ossuary |       0 |     253 | 100.0 |       0 |      32 | 100.0
      IceCv |       0 |    2699 | 100.0 |       0 |      10 | 100.0
            +---------+---------+-------+---------+---------+-------
